 Dungeon Crawl Stone Soup version 0.30-a0-1157-g2cc9ac7196 (webtiles) character file.

Game seed: 5163309702525540582

2447 pokedragonboy the Covert (level 9, -1/45 HPs)
             Began as a Vampire Enchanter on Apr 24, 2023.
             Was a Follower of Kikubaaqudgha.
             Slain by a wraith (11 damage)
             ... on level 7 of the Dungeon.
             The game lasted 00:30:03 (7661 turns).

pokedragonboy the Covert (Vampire Enchanter)        Turns: 7661, Time: 00:30:04

Health: -1/45      AC:  9    Str:  8 (9)  XL:     9   Next: 25%
Magic:  12/12      EV: 13    Int: 16 (17) God:    Kikubaaqudgha [*.....]
Gold:   330        SH:  0    Dex: 15 (17) Spells: 0/12 levels left

rFire   . . .        a - +1 dagger
rCold   + + .        (no shield)
rNeg    + + +        A - +0 steam dragon scales
rPois   ∞            r - +0 helmet
rElec   .            (no cloak)
rCorr   .            (no gloves)
SInv    +            y - +2 pair of boots {Fly}
Will    .....        (no amulet)
Stlth   ++++++       s - ring of positive energy
HPRegen 0.00/turn    (no ring)
MPRegen 0.13/turn

%: no passive effects
@: flying, bloodless, inhibited regen, hasted and slowed, studying Ranged
Weapons
A: bloodless, fangs 3, see invisible, vampiric 2
a: Bat Form, Revivify, Renounce Religion, Unearth Wretches


You were on level 7 of the Dungeon.
You worshipped Kikubaaqudgha.
Kikubaaqudgha was aware of your devotion.
You visited 2 branches of the dungeon, and saw 8 of its levels.

You collected 330 gold pieces.

Inventory:

Hand Weapons
 a - a +1 dagger (weapon)
 b - a +0 short sword
 v - the +6 whip of Slow Death {venom, Str+2 SInv Stlth+}
   (You took it off an orc on level 5 of the Dungeon)

   Str:       It affects your strength (+2).
   SInv:      It lets you see invisible.
   Stlth:     It makes you more stealthy.
Armour
 m - a +4 scale mail
 p - a +2 robe of willpower
 r - a +0 helmet (worn)
 y - a +2 pair of boots of flying (worn)
 A - +0 steam dragon scales (worn)
Magical Staves
 g - a staff of death
Jewellery
 s - a ring of positive energy (left hand)
Wands
 z - a wand of iceblast (8)
Scrolls
 e - 2 scrolls of magic mapping
 j - 2 scrolls of blinking
 l - a scroll of amnesia
 q - a scroll of butterflies
Potions
 c - 2 potions of cancellation {unknown}
 d - a potion of resistance {unknown}
 f - 2 potions of berserk rage
 h - a potion of curing
 i - a potion of heal wounds {unknown}
 k - a potion of attraction {unknown}
 t - a potion of mutation {unknown}
 u - 2 potions of degeneration
 x - 2 potions of ambrosia


   Skills:
 * Level 8.8 Short Blades
 - Level 3.0 Dodging
 + Level 9.9 Stealth
 - Level 2.0 Spellcasting
 + Level 9.2 Hexes
 + Level 3.7 Necromancy
 - Level 3.0 Ice Magic


You couldn't memorise any spells.
You knew the following spells:

 Your Spells              Type           Power      Damage    Failure   Level
a - Ensorcelled Hibernat  Hex/Ice        42%        N/A       2%          2
b - Necrotise             Necr           52%        1d6       4%          1
c - Vampiric Draining     Necr           13%        2d6       13%         3
d - Tukima's Dance        Hex            31%        N/A       1%          3
f - Dazzling Flash        Conj/Hex       32%        N/A       10%         3

Your spell library contained the following spells:

 Spells                   Type           Power      Damage    Failure   Level
 Confusing Touch          Hex            31%        N/A       1%          3
 Kiss of Death            Conj/Necr      28%        2d7       10%         1
 Inner Flame              Hex/Fire       16%        N/A       10%         3
 Summon Guardian Golem    Hex/Summ       16%        N/A       10%         3
 Frozen Ramparts          Ice            22%        1d4       19%         3
 Ozocubu's Armour         Ice            11%        N/A       19%         3
 Summon Small Mammal      Summ           4%         N/A       21%         1
 Animate Dead             Necr           13%        N/A       41%         4
 Call Canine Familiar     Summ           1%         N/A       52%         3
 Yara's Violent Unravell  Hex/Tmut       8%         3d5       65%         5
 Ice Form                 Ice/Tmut       6%         N/A       73%         4
 Summon Ice Beast         Ice/Summ       6%         N/A       73%         4
 Enfeeble                 Hex            15%        N/A       99%         7
 Ozocubu's Refrigeration  Ice            5%         4d8       100%        7


Dungeon Overview and Level Annotations

Branches:
Dungeon (7/15)             Temple (1/1) D:4

Altars:
Ashenzari
Cheibriados
Dithmenos
Fedhas
Gozag
Hepliaklqana
Kikubaaqudgha
Makhleb
Nemelex Xobeh
Okawaru
Qazlal
Ru
Sif Muna
Trog
Uskayaw
Vehumet
Wu Jian
Xom
Yredelemnul

Shops:
D:4 [   D:6 ?

Annotations:
D:4 1 runed translucent door, kuroshi's ghost, amateur DjAE


Innate Abilities, Weirdness & Mutations

You do not regenerate when monsters are visible.
You are frail without blood (-20% HP).
You can heal yourself when you bite living creatures.
You are immune to poison.
You have razor-sharp teeth.
You have supernaturally acute eyesight. (SInv)
You are afflicted with vampirism and can become a bat while bloodless.


Message History

You hit the wraith but do no damage.
The wraith is lightly damaged.
The wraith hits you but does no damage.
You closely miss the wraith. Your bite misses the wraith.
The wraith is lightly damaged.
The wraith closely misses you.
You barely miss the wraith. Your bite misses the wraith.
The wraith is lightly damaged.
The wraith hits you but does no damage.
You hit the wraith but do no damage.
The wraith is lightly damaged.
The wraith hits you but does no damage.
You hit the wraith but do no damage.
The wraith is lightly damaged.
The wraith hits you! The wraith drains your vigour!
You feel as though you will be slow longer.
You hit the wraith but do no damage. You bite the wraith, but do no damage.
The wraith is lightly damaged.
The wraith closely misses you.
Okay, then.
Press: ? - help, v - describe, . - travel
Here: a wraith (lightly damaged)
The floor.
The wraith attacks as you move away! The wraith closely misses you.
The wraith hits you.
Okay, then.
The wraith closely misses you.
You feel yourself speed up. The wraith hits you but does no damage.
The wraith closely misses you. The wraith attacks as you move away!
The wraith hits you but does no damage. The wraith attacks as you move away!
The wraith hits you.
* * * LOW HITPOINT WARNING * * *
The wraith drains your vigour!
You feel as though you will be slow longer.
The wraith attacks as you move away! The wraith hits you but does no damage.
The wraith attacks as you move away! The wraith hits you but does no damage.
The wraith attacks as you move away! The wraith hits you but does no damage.
The wraith attacks as you move away! The wraith hits you!
You die...
Kikubaaqudgha rasps: "You have failed me!
Welcome... oblivion!"

#...(≈≈≈~~≈~~~.#
#.#........##
#.#..≈##'''##~.#
#..####.###
#.##.≈#..o..#~.# #..# #.#
####>##.~#∩...>#).####..#
#.#
........~#######))...#..#
#.#
.....##.~≈~~)~~~~.##.#..#
#.#
#######......)....##.#..#
#.#
###..#.#########.#..####.#
#......<....@W.........#.#
#.#.....##########.###.#.#
#####.#.##### ########.#
#.#### ......#.#
#......).# #.#.....
..#####.#######.########
#.######
.................# #.#
###.###..#######.# #.# #
#.# #..# #.# #.# ## # #.#
#..# #.# #.# #.


You could see a wraith.

Vanquished Creatures
  A slime creature (D:7)
  A steam dragon (D:6)
  A water moccasin (D:6)
  2 sky beasts (D:6)
  An orc warrior (D:7)
  2 ice beasts (D:5)
  2 phantoms (D:5)
  Blork the orc (D:5)
  A gnoll sergeant (D:6)
  3 scorpions
  4 killer bees (D:7)
  4 hounds
  2 jellies
  3 orc priests
  A gnoll bouda (D:5)
  2 sleepcaps
  Jessica (D:2)
  4 iguanas
  6 orc wizards
  9 adders
  13 gnolls
  A shadow imp (D:5)
  2 white imps (D:6)
  An ufetubus (D:6)
  2 worms
  4 dart slugs
  21 orcs
  4 ball pythons
  5 endoplasms
  A giant cockroach (D:1)
  11 goblins
  4 hobgoblins
  6 jackals
  2 quokkas
  5 bats
  2 frilled lizards
  6 kobolds
141 creatures vanquished.

Vanquished Creatures (collateral kills)
  2 orcs (D:7)
2 creatures vanquished.

Vanquished Creatures (others)
  3 dancing weapons
3 creatures vanquished.

Grand Total: 146 creatures vanquished

Notes
Turn   | Place    | Note
-------+----------+-------------------------------------------
     0 | D:1      | pokedragonboy the Vampire Enchanter began the quest for the
                  | Orb.
     0 | D:1      | Reached XP level 1. HP: 13/13 MP: 3/3
   166 | D:1      | Reached XP level 2. HP: 19/19 MP: 5/5
   264 | D:1      | Learned a level 2 spell: Ensorcelled Hibernation
   589 | D:1      | Reached skill level 5 in Stealth
   869 | D:2      | Gained mutation: You are afflicted with vampirism and can
                  | become a bat while bloodless. [Vampire growth]
   869 | D:2      | Reached XP level 3. HP: 24/24 MP: 6/6
  1122 | D:2      | Learned a level 3 spell: Tukima's Dance
  1346 | D:2      | Noticed Jessica
  1364 | D:2      | Killed Jessica
  1365 | D:2      | Reached skill level 5 in Hexes
  1365 | D:2      | Reached XP level 4. HP: 20/30 MP: 7/7
  2002 | D:3      | Reached XP level 5. HP: 35/35 MP: 8/8
  2716 | D:4      | Reached XP level 6. HP: 19/41 MP: 9/9
  2855 | D:4      | Found a staircase to the Ecumenical Temple.
  2875 | Temple   | Entered the Ecumenical Temple
  2994 | Temple   | Became a worshipper of Kikubaaqudgha
  3314 | D:4      | Reached skill level 1 in Ice Magic
  3333 | D:4      | Found a runed translucent door.
  3333 | D:4      | Noticed kuroshi's ghost (amateur DjAE)
  3362 | D:4      | Found Ytan Wam's Antique Armour Shop.
  3426 | D:4      | Reached skill level 5 in Short Blades
  3646 | D:5      | Entered Level 5 of the Dungeon
  3666 | D:5      | Reached XP level 7. HP: 46/46 MP: 10/10
  3669 | D:5      | Found a hazy altar of Hepliaklqana.
  3669 | D:5      | Found an opulent altar of Gozag.
  3672 | D:5      | Found a shimmering altar of Xom.
  3677 | D:5      | Found a bloodstained altar of Trog.
  3680 | D:5      | Found a hide-covered altar of Uskayaw.
  3686 | D:5      | Found a burning altar of Makhleb.
  3722 | D:5      | You fall into a shaft and drop 1 floor!
  3856 | D:5      | Noticed Blork the orc
  3874 | D:5      | Killed Blork the orc
  4352 | D:5      | Identified the +6 whip of Slow Death {venom, Str+2 SInv
                  | Stlth+}
  4561 | D:5      | Identified the +0 robe of Conscience {Regen+}
  4774 | D:5      | Reached XP level 8. HP: 52/52 MP: 11/11
  4835 | D:5      | Learned a level 3 spell: Dazzling Flash
  4970 | D:5      | Reached * piety under Kikubaaqudgha
  4970 | D:5      | Received a gift from Kikubaaqudgha
  5057 | D:5      | Learned a level 1 spell: Necrotise
  5216 | D:6      | Reached skill level 1 in Necromancy
  5915 | D:6      | Found Cuusohar's Magic Scroll Shoppe.
  6862 | D:7      | Reached XP level 9. HP: 45/45 MP: 9/12
  6866 | D:7      | Learned a level 3 spell: Vampiric Draining
  7661 | D:7      | Slain by a wraith

Illustrated notes

Levels and vault maps discovered:
D:1:      dpeg_arrival_windows_large_door, layout_basic, minmay_small_reverse_x
D:2:      layout_basic, basic_altar, uniq_jessica
D:3:      layout_basic
D:4:      layout_basic, minmay_temple_entry_offerings, serial_shops, shop,
          gammafunk_ghost_grave
D:5:      layout_loops_cross, nicolae_overflow_hallway_of_the_gods,
          uniq_blork_the_orc
D:6:      layout_loops_cross, minmay_shop_grid_forest, hangedman_decor_lopped,
          minmay_misc_feat_five
D:7:      layout_loops_ring, enter_bailey_4, kb_rosetta
Temple:   nicolae_temple_superstar

Skill      XL: |  1  2  3  4  5  6  7  8  9 |
---------------+----------------------------+-----
Short Blades   | 2 3 4 5 6 8 |  8.8
Stealth        | 5 6 7 8 9 |  9.9
Hexes          | 5 6 7 8 9 |  9.2
Dodging        | 3 |  3.0
Ice Magic      | 1 2 3 |  3.0
Necromancy     | 3 |  3.7
Spellcasting   | |  2.0

Action                     |  1- 3 |  4- 6 |  7- 9 || total
---------------------------+-------+-------+-------++-------
  Melee: Dagger            |   136 |   135 |   260 ||   531
         Bite              |    16 |    10 |    42 ||    68
         Punch             |     1 |       |     3 ||     4
         Short sword       |       |     7 |       ||     7
   Cast: Ensorcelled Hiber |       |     7 |    70 ||    77
         Necrotise         |       |       |     7 ||     7
         Tukima's Dance    |       |       |    10 ||    10
Ability: Exsanguinate      |       |       |     1 ||     1
         End Transformatio |       |       |     1 ||     1
         Bat Form          |       |       |     1 ||     1
    Use: Scroll            |       |     2 |    15 ||    17
         Potion            |       |       |     5 ||     5
   Stab: Sleeping          |     4 |    16 |    50 ||    70
         Distracted        |       |     3 |     1 ||     4
         Invisible         |       |       |     1 ||     1
 Armour: Robe              |     5 |    23 |    31 ||    59
         Ring mail         |    44 |       |       ||    44
         Leather armour    |     2 |       |       ||     2
         Steam dragon scal |       |       |    37 ||    37
  Dodge: Dodged            |    71 |    75 |   123 ||   269

Table legend: (Time is in decaauts)
 A = Elapsed time spent in this place.
 B = Non-inter-level travel time spent in this place.
 C = Inter-level travel time spent in this place.
 D = Time resting spent in this place.
 E = Time spent auto-exploring this place.
 F = Levels seen in this place.
 G = Mean time per level.
                   A        B        C        D        E       F      G
               +--------+--------+--------+--------+--------+-----+--------+
         Total |   7520 |   7102 |    418 |   1260 |   3956 |   8 |  940.0 |
       Dungeon |   7373 |   6988 |    385 |   1260 |   3856 |   7 | 1053.3 |
        Temple |    147 |    114 |     33 |      0 |    100 |   1 |  147.0 |
               +--------+--------+--------+--------+--------+-----+--------+

Top non-repeatable levels by time:
     D:6: 1474 daAuts
     D:5: 1456 daAuts
     D:2: 1051 daAuts
     D:4: 989 daAuts
     D:7: 851 daAuts
     D:3: 850 daAuts
     D:1: 698 daAuts
  Temple: 147 daAuts
